 Dungeon Crawl Stone Soup version 0.23-a0-494-g91793a9 (webtiles) character file.

65076 emperorscorpion the Eclecticist (level 14, 0/76 HPs)
             Began as a Deep Elf Conjurer on Dec 3, 2018.
             Was an Elder of Vehumet.
             Slain by a wyvern (3 damage)
             ... on level 6 of the Lair of Beasts.
             The game lasted 01:25:33 (34422 turns).

emperorscorpion the Eclecticist (DECj)             Turns: 34422, Time: 01:25:33

Health: 0/76       AC: 18    Str:  9    XL:     14   Next: 74%
Magic:  2/37       EV: 11    Int: 35    God:    Vehumet [****..]
Gold:   700        SH:  0    Dex: 15    Spells: 6/48 levels left

rFire    . . .     SeeInvis .   a - +8 quarterstaff of Wemygese {crush, rN+}
rCold    + . .     Gourm    .   (shield currently unavailable)
rNeg     + . .     Faith    .   M - +5 scale mail "Motaefa" {*Slow +Inv Int+9}
rPois    .         Spirit   .   J - +2 hat
rElec    .         Reflect  .   P - +1 cloak {+Inv}
rCorr    .         Harm     .   Y - +0 pair of gloves
MR       +....                  (no boots)
Stlth    ++........             (no amulet)
HPRegen  0.22/turn              Q - +4 ring of strength
MPRegen  0.25/turn              R - ring of protection from cold

@: no status effects
A: no striking features
a: Renounce Religion, Evoke Invisibility


You were on level 6 of the Lair of Beasts.
You worshipped Vehumet.
Vehumet was greatly pleased with you.
You were not hungry.

You visited 4 branches of the dungeon, and saw 23 of its levels.
You also visited: Ossuary.

You collected 2056 gold pieces.
You spent 1356 gold pieces at shops.

Inventory:

Hand Weapons
 a - the +8 quarterstaff of Wemygese (weapon) {crush, rN+}
   (You found it on level 4 of the Dungeon)

   It inflicts extra damage upon your enemies.
   It protects you from negative energy.
 m - a +1 scimitar of flaming
 A - a +2 short sword of venom
Missiles
 u - 67 poisoned needles
 X - 3 needles of sleeping
Armour
 t - the +1 robe "Aceuqi" {rN++ MP+9}
   (You found it on level 3 of the Lair of Beasts)

   It greatly protects you from negative energy.
   It affects your magic capacity (+9).
 J - a +2 hat (worn)
 K - the +1 ring mail of Uhopnoedd {rC- rN+++ MR+++ Str-2}
   (You found it on level 10 of the Dungeon)

   It affects your strength (-2).
   It makes you vulnerable to cold.
   It renders you almost immune to negative energy.
   It affects your resistance to hostile enchantments.
 M - the +5 scale mail "Motaefa" (worn) {*Slow +Inv Int+9}
   (You took it off a death knight on level 11 of the Dungeon)

   It affects your intelligence (+9).
   It lets you turn invisible.
   It may slow you when you take damage.
 P - a +1 cloak of invisibility (worn)
 Y - a +0 pair of gloves (worn)
Magical Staves
 b - an uncursed staff of conjuration
Jewellery
 e - the ring "Inid" {Str+5 Stlth-}
   (You found it on level 5 of the Lair of Beasts)

   [ring of attention]

   It affects your strength (+5).
   It makes you less stealthy.
 q - an uncursed ring of protection from fire
 v - an uncursed ring of ice
 I - an uncursed ring of flight
 Q - a +4 ring of strength (left hand)
 R - a ring of protection from cold (right hand)
 S - a +3 ring of evasion
 Z - an uncursed ring of ice
Wands
 h - a wand of polymorph (12)
 y - a wand of random effects (26)
 G - a wand of disintegration (4)
 N - a wand of enslavement (10)
 U - a wand of flame (29)
Scrolls
 d - 4 scrolls of fog
 g - 7 scrolls of identify
 i - a scroll of immolation
 k - 2 scrolls of blinking
 l - 11 scrolls of remove curse
 n - 3 scrolls of fear
 o - 8 scrolls of teleportation
 w - 4 scrolls of enchant armour
 B - a scroll of enchant weapon
 E - 2 scrolls of amnesia
 L - 4 scrolls of random uselessness
Potions
 j - 10 potions of curing
 p - 6 potions of mutation
 r - 3 potions of haste
 s - 2 potions of magic
 z - 2 potions of lignification
 C - a potion of flight
 D - a potion of agility
 F - 2 potions of cancellation
 H - 5 potions of might
 W - 3 potions of heal wounds
Miscellaneous
 f - a phantom mirror
 T - a lightning rod (4/4)
 V - a phial of floods (inert)
Comestibles
 c - 36 rations


   Skills:
 + Level 4.6 Fighting
 + Level 1.0 Short Blades
 - Level 3.0 Staves
   Level 5.8 Slings
 * Level 6.7 Armour
 + Level 6.1 Dodging
 - Level 5.3 Stealth
 * Level 17.7 Spellcasting
 * Level 14.1 Conjurations
 + Level 0.6 Charms
 * Level 1.0 Summonings
 + Level 3.8 Translocations
 - Level 4.7 Ice Magic
 - Level 4.8 Air Magic
 - Level 5.7 Earth Magic
 - Level 1.1 Poison Magic
 - Level 7.9 Evocations


You had 6 spell levels left.
You knew the following spells:

 Your Spells              Type           Power        Failure   Level  Hunger
a - Magic Dart            Conj           ####         0%          1    None
b - Iskenderun's Mystic   Conj           #######.     1%          4    None
c - Iron Shot             Conj/Erth      #######...   5%          6    None
d - Iskenderun's Battles  Conj/Chrm      ######..     2%          5    None
e - Mephitic Cloud        Conj/Pois/Air  ######..     1%          3    None
f - Freezing Cloud        Conj/Ice/Air   ######....   11%         6    None
g - Spellforged Servitor  Conj/Summ      ######....   52%         7    ###....
h - Orb of Destruction    Conj           #######...   5%          7    ###....
A - Apportation           Tloc           ######       1%          1    None
B - Blink                 Tloc           N/A          2%          2    None

Your spell library contained the following spells:

 Spells                   Type           Power        Failure   Level  Hunger
 Irradiate                Conj/Tmut      ######....   3%          5    None
 Flame Tongue             Conj/Fire      #####        1%          1    None
 Sandblast                Erth           ######       1%          1    None
 Searing Ray              Conj           ######       1%          2    None
 Throw Flame              Conj/Fire      ######       1%          2    None
 Conjure Flame            Conj/Fire      ######..     1%          3    None
 Dazzling Spray           Conj/Hex       ######       1%          3    None
 Stone Arrow              Conj/Erth      ######       1%          3    None
 Force Lance              Conj/Tloc      #######.     1%          4    None
 Fulminant Prism          Conj/Hex       ######....   1%          4    None
 Sticky Flame             Conj/Fire      ######..     1%          4    None
 Venom Bolt               Conj/Pois      ######....   2%          5    None
 Passwall                 Tmut/Erth      ######..     3%          2    None
 Bolt of Magma            Conj/Fire/Erth ######....   3%          5    None
 Fireball                 Conj/Fire      ######....   3%          5    None
 Summon Small Mammal      Summ           ####         4%          1    None
 Ensorcelled Hibernation  Hex/Ice        #####.       4%          2    None
 Inner Flame              Hex/Fire       ####....     5%          3    None
 Lee's Rapid Deconstruct  Erth           ######....   5%          5    None
 Bolt of Cold             Conj/Ice       #######...   6%          6    None
 Animate Skeleton         Necr           N/A          7%          1    None
 Confusing Touch          Hex            ####..       7%          1    None
 Corona                   Hex            ####...      7%          1    None
 Call Imp                 Summ           #####...     7%          2    None
 Corpse Rot               Necr           N/A          11%         2    None
 Slow                     Hex            ####....     11%         2    None
 Confuse                  Hex            ####....     21%         3    None
 Tukima's Dance           Hex            ####....     21%         3    None
 Leda's Liquefaction      Hex/Erth       ######....   22%         4    None
 Petrify                  Tmut/Erth      ######..     22%         4    None
 Ice Form                 Ice/Tmut       #####...     26%         4    None
 Ozocubu's Refrigeration  Ice            ######....   36%         6    None
 Summon Forest            Summ/Tloc      #####.....   56%         5    None
 Metabolic Englaciation   Hex/Ice        #####.....   58%         5    None
 Blade Hands              Tmut           ####......   88%         5    None
 Simulacrum               Ice/Necr       #####.....   99%         6    None
 Hydra Form               Tmut           ####......   100%        6    None
 Summon Hydra             Summ           #####.....   100%        7    ###....


Dungeon Overview and Level Annotations

Branches:
Dungeon (14/15)            Temple (1/1) D:6            Lair (6/6) D:9
 Shoals (0/4) Lair:4        Snake (0/4) Lair:4        Slime (0/5) Lair:5
    Orc (2/2) D:10            Elf (0/3) Orc:2
 Vaults: D:13-14

Altars:
Ashenzari
Cheibriados
Dithmenos
Elyvilon
Fedhas
Gozag
Hepliaklqana
Kikubaaqudgha
Makhleb
Nemelex Xobeh
Okawaru
Qazlal
Ru
Sif Muna
Trog
Uskayaw
Vehumet
Wu Jian
Xom
Yredelemnul
Zin
The Shining One
Beogh

Shops:
D:4 :   D:8 (!   Orc:2 (}(=*

Annotations:
D:6 2 transporters, Droopy's ghost, novice TrWr
D:10 exclusion: obsidian statue


Message History

The water rises up and takes form.
You hear an angry buzzing noise.
You hear a trumpeting! x3
You hear an angry hiss.
You hear a loud, deep croak!
You hear a croak.
You hear a trumpeting!
You hear a loud, deep croak!
You hear an angry hiss.
The black mamba bites your water elemental!
The rime drake barely misses you. The wyvern bites you!
* * * LOW HITPOINT WARNING * * *
Unknown command.
Unknown command.
The rime drake bites the bush.
The wyvern bites you!
* * * LOW HITPOINT WARNING * * *
The wyvern closely misses you.
The rime drake bites the bush.
The wyvern bites you but does no damage.
Your water elemental barely misses the rime drake.
The wyvern bites you but does no damage.
Unknown command.
Your water elemental hits the rime drake.
Your water elemental engulfs the rime drake in water!
The wyvern bites you.
You die...

****** ****,**,** #**
,,,,,*,,,###.*
,,,,,,,,,....#*####
,,,,,*,,,......#..#####******
,,,***,,*#.....#......##,*,,**
*,,**,,..[..#.....P.....,,,,,****
*,,***,........#.....P..,,,,,**,*
,,,*,,..........@P...#,.,,,,*,,*,
,,,,..,...P...SllP.P#..#*,,,,,,∩,
,,,,..##......≈k≈P......,,,,,,,,,
,,,,,#...##...PEEP####..,,,,,,,,,
,,,,###.#.P...≈≈≈≈# **#,,,,***,,
,,,.#...P.....≈...# **,,,,*,**
,,,#..............##****,,,,,,,*,
,,,,............P...#,**,,,,,,,,,
,,....#P.#..........#*,,,,,,,,,,,


You could see a black mamba, a rime drake, 2 wyverns and 2 friendly water
elementals.

Vanquished Creatures
  Gastronok (Lair:3)
  An ettin (D:13)
  Josephine (Orc:1)
  Snorg (Lair:5)
  3 hydras
  Harold (D:7)
  3 centaur warriors
  2 death knights (D:11)
  4 two-headed ogres (D:11)
  Erica (D:8)
  An ogre mage (D:11)
  3 orc high priests
  An unseen horror (D:13)
  Pikel (D:7)
  A necromancer (D:14)
  5 orc sorcerers (Orc:2)
  4 orc knights (Orc:2)
  A manticore (D:11)
  A deep elf mage (D:11)
  7 ugly things
  2 cyclopes
  10 elephants
  Maurice (D:8)
  6 black mambas
  9 spiny frogs
  A torpor snail (Lair:5)
  2 kobold demonologists (D:12)
  A freezing wraith (D:11)
  2 rime drakes
  A komodo dragon (shapeshifter) (D:11)
  7 komodo dragons
  3 trolls
  2 polar bears
  A queen bee (Lair:1)
  2 hornets
  11 blink frogs
  7 hippogriffs
  A meliai zombie (D:13)
  6 slime creatures (D:12)
  A vampire (D:13)
  2 shadows
  A spriggan (D:7)
  6 wyverns
  7 wraiths
  2 basilisks (Lair:2)
  28 yaks
  2 hungry ghosts
  2 vampire mosquitoes (D:13)
  Menkaure (D:4)
  2 wargs
  8 porcupines
  16 water moccasins
  23 orc warriors
  A slave (D:7)
  2 black bears
  3 phantoms
  2 sky beasts
  4 necrophages
  An eye of draining (D:14)
  5 ice beasts
  8 centaurs
  7 wolves
  13 ogres
  11 crocodiles
  Blork the orc (D:4)
  12 bullfrogs
  4 water moccasin zombies (Ossuary)
  6 scorpions
  25 killer bees
  14 wights
  2 electric eels (D:9)
  6 howler monkeys
  2 crimson imps
  2 centaur zombies (D:12)
  3 human zombies (D:12)
  5 jellies
  10 hounds
  A gnoll shaman (D:5)
  18 orc priests
  Crazy Yiuf (D:4)
  2 bullfrog skeletons
  3 centaur skeletons
  26 orc wizards
  2 human skeletons (D:12)
  5 hell rats (Lair:6)
  An iguana (D:4)
  10 worker ants
  Ijyb (D:4)
  3 big kobold zombies (Ossuary)
  A bullfrog simulacrum (D:9)
  A hound zombie (D:9)
  2 hound skeletons
  3 mummies
  15 gnolls
  16 adders
  3 shadow imps
  4 ufetubi (D:9)
  An ooze (D:3)
  4 adder zombies (Ossuary)
  An adder skeleton (D:6)
  4 worms
  2 dart slugs
  5 leopard geckos
  64 orcs
  4 ball pythons
  6 bats
  9 giant cockroaches
  3 gnoll zombies (Ossuary)
  6 goblins
  6 hobgoblins
  11 jackals
  2 quokkas
  2 frilled lizards
  3 hobgoblin zombies (Ossuary)
  A jackal zombie (D:7)
  17 kobolds
  2 kobold zombies (Ossuary)
  A leopard gecko zombie (D:5)
  8 orc zombies
  8 rats
  3 fungi
  A plant (Lair:6)
660 creatures vanquished.

Vanquished Creatures (others)
  An orc high priest (Orc:2)
  3 slaves (D:7)
  A bush (Lair:3)
  21 fungi
  14 plants
40 creatures vanquished.

Grand Total: 700 creatures vanquished

Notes
Turn   | Place    | Note
-------+----------+-------------------------------------------
     0 | D:1      | emperorscorpion the Deep Elf Conjurer began the quest for
                  | the Orb.
     0 | D:1      | Reached XP level 1. HP: 10/10 MP: 6/6
   175 | D:1      | Reached XP level 2. HP: 7/15 MP: 0/8
   505 | D:1      | Reached skill level 5 in Conjurations
  1242 | D:1      | Reached XP level 3. HP: 11/19 MP: 1/9
  1909 | D:2      | Reached XP level 4. HP: 23/24 MP: 7/11
  1957 | D:2      | Learned a level 4 spell: Iskenderun's Mystic Blast
  2653 | D:3      | Reached skill level 4 in Spellcasting
  3327 | D:3      | Noticed an orc warrior
  3797 | D:3      | Reached XP level 5. HP: 14/28 MP: 0/13
  4344 | D:3      | Killed an orc warrior
  4344 | D:3      | Reached skill level 5 in Spellcasting
  4344 | D:3      | Reached XP level 6. HP: 32/32 MP: 1/15
  4600 | D:4      | Reached skill level 1 in Slings
  4811 | D:4      | Noticed Ijyb
  4831 | D:4      | Killed Ijyb
  4831 | D:4      | Reached XP level 7. HP: 31/36 MP: 0/17
  4944 | D:4      | Found a runed door.
  5022 | D:4      | Reached skill level 6 in Spellcasting
  5094 | D:4      | Noticed Blork the orc
  5099 | D:4      | Killed Blork the orc
  5299 | D:4      | Noticed a hippogriff
  5314 | D:4      | Killed a hippogriff
  5912 | D:4      | Noticed a moth of wrath
  5914 | D:4      | Noticed Menkaure
  5917 | D:4      | Killed Menkaure
  5917 | D:4      | Reached skill level 1 in Fighting
  5917 | D:4      | Reached skill level 7 in Spellcasting
  5917 | D:4      | Reached XP level 8. HP: 43/43 MP: 11/20
  6052 | D:4      | Found a bloodstained altar of Trog.
  6109 | D:4      | Found Doir's Book Shoppe.
  6163 | D:4      | Got a slimy quarterstaff
  6164 | D:4      | Identified the +8 quarterstaff of Wemygese {crush, rN+}
                  | (You found it on level 4 of the Dungeon)
  6251 | D:4      | Bought a book of Minor Magic for 240 gold pieces
  6254 | D:4      | Learned a level 2 spell: Blink
  6472 | D:4      | Noticed Crazy Yiuf
  6474 | D:4      | Killed Crazy Yiuf
  6554 | D:5      | Entered Level 5 of the Dungeon
  6631 | D:5      | Reached skill level 1 in Evocations
  6748 | D:5      | Found an iron altar of Okawaru.
  8573 | D:6      | Found a staircase to the Ecumenical Temple.
  8596 | Temple   | Entered the Ecumenical Temple
  8767 | Temple   | Became a worshipper of Vehumet
  9001 | D:6      | Found a sacrificial altar of Ru.
  9005 | D:6      | Reached skill level 5 in Stealth
  9149 | D:6      | Found a transporter.
  9156 | D:6      | Noticed Droopy's ghost (novice TrWr)
  9158 | D:6      | Identified the +10 great mace of Nyne {flame, Str+3}
  9158 | D:6      | Identified the +4 great mace "Mimmutob" {flame, MR+ Str+7}
  9158 | D:6      | Noticed a two-headed ogre
  9160 | D:6      | Found a transporter.
  9292 | D:7      | Noticed Pikel
  9296 | D:7      | Found a shadowy altar of Dithmenos.
  9297 | D:7      | Killed Pikel
  9297 | D:7      | Reached skill level 8 in Spellcasting
  9297 | D:7      | Reached XP level 9. HP: 48/48 MP: 5/23
  9324 | D:7      | Noticed Harold
  9398 | D:7      | Killed Harold
  9398 | D:7      | Reached skill level 5 in Slings
  9431 | D:7      | Reached skill level 9 in Spellcasting
 10860 | D:8      | Noticed Maurice
 10870 | D:8      | Killed Maurice
 10870 | D:8      | Reached skill level 10 in Spellcasting
 10931 | D:8      | Found Wipri's Distillery.
 10968 | D:8      | Noticed Erica
 10975 | D:8      | Killed Erica
 10975 | D:8      | Reached * piety under Vehumet
 10975 | D:8      | Offered knowledge of Shock by Vehumet.
 10975 | D:8      | Reached XP level 10. HP: 35/54 MP: 1/26
 10984 | D:8      | Found a sand-covered staircase.
 10990 | Ossuary  | Entered an ossuary
 11429 | Ossuary  | Reached skill level 1 in Staves
 11928 | D:8      | Found an ancient bone altar of Kikubaaqudgha.
 11977 | D:8      | Reached ** piety under Vehumet
 11983 | D:8      | Offered knowledge of Throw Flame by Vehumet.
 12197 | D:8      | Bought a potion of mutation for 96 gold pieces
 12566 | D:8      | Found a roughly hewn altar of Beogh.
 12778 | D:8      | Found Uloum's Antique Weapon Emporium.
 13185 | D:9      | Found a staircase to the Lair.
 13225 | D:9      | Reached skill level 11 in Spellcasting
 13245 | D:9      | Offered knowledge of Static Discharge by Vehumet.
 13494 | D:9      | Reached skill level 10 in Conjurations
 13678 | D:9      | Reached *** piety under Vehumet
 14325 | D:9      | Offered knowledge of Airstrike by Vehumet.
 14624 | D:9      | Reached skill level 5 in Dodging
 14799 | D:9      | Reached skill level 12 in Spellcasting
 15139 | D:10     | Entered Level 10 of the Dungeon
 15141 | D:10     | Noticed an obsidian statue
 15243 | D:4      | Bought a book of Cantrips for 240 gold pieces
 15245 | D:4      | Learned a level 1 spell: Apportation
 15249 | D:4      | Learned a level 3 spell: Mephitic Cloud
 15354 | D:10     | Got an encrusted ring mail
 15357 | D:10     | Identified the +1 ring mail of Uhopnoedd {rC- rN+++ MR+++
                  | Str-2} (You found it on level 10 of the Dungeon)
 15937 | D:10     | Noticed a sun demon
 15950 | D:11     | Noticed a two-headed ogre
 15953 | D:11     | Noticed an ogre mage
 15954 | D:11     | Killed a two-headed ogre
 15954 | D:11     | Reached skill level 1 in Translocations
 15954 | D:11     | Reached XP level 11. HP: 60/60 MP: 17/29
 15954 | D:11     | Noticed a two-headed ogre
 15954 | D:11     | Noticed a two-headed ogre
 15965 | D:10     | Found a staircase to the Orcish Mines.
 15970 | D:10     | Reached **** piety under Vehumet
 16628 | D:11     | Killed a two-headed ogre
 16632 | D:11     | Killed an ogre mage
 16632 | D:11     | Offered knowledge of Olgreb's Toxic Radiance by Vehumet.
 16632 | D:11     | Reached skill level 1 in Armour
 16632 | D:11     | Noticed a two-headed ogre
 16701 | D:11     | Killed a two-headed ogre
 16701 | D:11     | Reached skill level 13 in Spellcasting
 16701 | D:11     | Killed a two-headed ogre
 16944 | D:11     | Noticed a deep elf mage
 16951 | D:11     | Killed a deep elf mage
 16953 | D:11     | Noticed a centaur warrior
 16954 | D:11     | Identified the +5 scale mail "Motaefa" {*Slow +Inv Int+9}
 16954 | D:11     | Noticed a death knight
 16957 | D:11     | Killed a centaur warrior
 16957 | D:11     | Reached skill level 5 in Evocations
 16961 | D:11     | Noticed a centaur warrior
 16973 | D:11     | Killed a centaur warrior
 17664 | D:11     | Noticed a death knight
 17687 | D:11     | Killed a death knight
 17687 | D:11     | Reached skill level 14 in Spellcasting
 17687 | D:11     | Reached XP level 12. HP: 66/66 MP: 8/32
 17818 | Orc:1    | Entered Level 1 of the Orcish Mines
 18090 | Orc:1    | Noticed Josephine
 18109 | Orc:1    | Killed Josephine
 18110 | Orc:1    | Reached ***** piety under Vehumet
 18407 | D:10     | Offered knowledge of Iskenderun's Battlesphere by Vehumet.
 18426 | D:10     | Learned a level 5 spell: Iskenderun's Battlesphere
 19119 | Orc:1    | Noticed an orc high priest
 19128 | Orc:1    | Killed an orc high priest
 19388 | Orc:2    | Entered Level 2 of the Orcish Mines
 19433 | Orc:2    | Found a bloodstained altar of Trog.
 19655 | Orc:2    | Found Keukkupt's General Store.
 19659 | Orc:2    | Found a staircase to the Elven Halls.
 19789 | Orc:2    | Found a roughly hewn altar of Beogh.
 20024 | Orc:2    | Noticed an orc high priest
 20029 | Orc:2    | Killed an orc high priest
 20190 | Orc:2    | Noticed an orc high priest
 20196 | Orc:2    | Killed an orc high priest
 20213 | Orc:2    | Reached skill level 15 in Spellcasting
 20219 | Orc:2    | Noticed an orc high priest
 20246 | Orc:2    | Killed an orc high priest
 20902 | Orc:2    | Reached skill level 1 in Poison Magic
 21128 | Orc:2    | Reached skill level 1 in Air Magic
 21240 | Orc:2    | Found Fojailae's Weapon Shoppe.
 21296 | Orc:2    | Found Jeofrog's Antique Weapon Boutique.
 21302 | Orc:2    | Found Agecee's Gadget Boutique.
 21307 | Orc:2    | Found Goidood's Jewellery Shoppe.
 21419 | Orc:2    | Offered knowledge of Iron Shot by Vehumet.
 21602 | Orc:2    | Learned a level 6 spell: Iron Shot
 21719 | D:11     | Found a hide-covered altar of Uskayaw.
 21922 | D:11     | Reached skill level 1 in Short Blades
 21994 | D:11     | Reached XP level 13. HP: 70/70 MP: 26/34
 22427 | D:12     | Reached skill level 1 in Earth Magic
 23016 | D:12     | Reached skill level 16 in Spellcasting
 23831 | D:12     | Found a basalt altar of Yredelemnul.
 25808 | D:4      | Bought a book of Ice for 780 gold pieces
 25815 | D:4      | Learned a level 6 spell: Freezing Cloud
 26716 | D:14     | Reached skill level 5 in Armour
 26716 | D:14     | Reached skill level 1 in Ice Magic
 26720 | D:14     | Offered knowledge of Fireball by Vehumet.
 26721 | D:14     | Noticed an ettin
 26759 | D:13     | Killed an ettin
 27069 | Lair:1   | Entered Level 1 of the Lair of Beasts
 27767 | Lair:1   | Identified a scroll of acquirement
 28920 | Lair:2   | Reached XP level 14. HP: 76/76 MP: 12/36
 30020 | Lair:2   | HP: 3/76 [poisoned by a spiny frog]
 30025 | Lair:2   | HP: 2/76 [poisoned by a spiny frog]
 30032 | Lair:2   | HP: 2/76 [poisoned by a spiny frog]
 30040 | Lair:2   | HP: 2/76 [poisoned by a spiny frog]
 30397 | Lair:3   | Reached skill level 17 in Spellcasting
 30406 | Lair:3   | Offered knowledge of Irradiate by Vehumet.
 30605 | Lair:3   | Noticed Gastronok
 30613 | Lair:3   | Killed Gastronok
 30815 | Lair:3   | Reached skill level 5 in Earth Magic
 31258 | Lair:3   | Identified the +1 robe "Aceuqi" {rN++ MP+9} (You found it
                  | on level 3 of the Lair of Beasts)
 31673 | Lair:4   | Found a staircase to the Shoals.
 31931 | Lair:4   | Identified the Grimoire of Attacks and Transformation (You
                  | acquired it on level 4 of the Lair of Beasts)
 32338 | Lair:4   | Found a staircase to the Snake Pit.
 33170 | Lair:5   | Noticed Snorg
 33175 | Lair:5   | Killed Snorg
 33468 | Lair:5   | Got a flickering lead ring
 33469 | Lair:5   | Identified the ring "Inid" {Str+5 Stlth-} (You found it on
                  | level 5 of the Lair of Beasts)
 34056 | Lair:5   | Found a staircase to the Slime Pits.
 34238 | Lair:6   | Entered Level 6 of the Lair of Beasts
 34276 | Lair:6   | Learned a level 7 spell: Spellforged Servitor
 34284 | Lair:6   | Learned a level 7 spell: Orb of Destruction
 34376 | Lair:6   | Reached skill level 1 in Summonings
 34421 | Lair:6   | HP: 3/76 [wyvern (13)]
 34422 | Lair:6   | Slain by a wyvern

Vault maps used:
D:1:      minmay_arrival_nine_rooms
D:3:      minmay_spotlight, first_ration
D:4:      serial_shops, kennysheep_little_box, tgw_trog, uniq_menkaure,
          uniq_blork_the_orc, uniq_ijyb, uniq_crazy_yiuf_cottage
D:5:      okawaru_metal_pillars_1_2
D:6:      minmay_temple_entry_glassed_door, gammafunk_ghost_smash,
          nicolae_ru_great_annihilating_truth
D:7:      the_bakery, nicolae_dithmenos_shadow_blocks, uniq_harold, uniq_pikel
D:8:      old_standard_altar, special_room,
          lightli_ossuary_entry_decrepit_ruins, serial_shops,
          nicolae_shop_trees, nicolae_shop_behind_doors, uniq_maurice,
          uniq_erica
D:9:      lair_entry_dummy, serial_ice, serial_ice_j, serial_ice_e,
          serial_ice_h, serial_ice_m
D:10:     orc_0_dummy, minmay_protected_statue
D:11:     minmay_the_grid_octo_tiled_squarecenter_mashed, serial_bayou_pond_d,
          roderic_malta_cross
D:12:     lemuel_mausoleum_altar_yredelemnul
D:13:     minivault_20, minmay_variable_closet
D:14:     david_vaults_4, minmay_misc_feat_secret_circle
Temple:   minmay_crystal_snake_temple
Lair:1:   special_room
Lair:2:   grunt_megastairs_3
Lair:3:   uniq_gastronok
Lair:4:   shoals_dummy_entry, dummy_snake_entry
Lair:5:   slime_dummy, uniq_snorg
Lair:6:   hangedman_lair_tendril_chambers, lab_entry_generic,
          serial_bayou_crossing, serial_bayou_shore_b, lemuel_fruit_tree
Orc:1:    uniq_josephine
Orc:2:    st_orc_elflike, basic_altar, serial_shops, shop, mines1_david
Ossuary:  ossuary_tomb_2

Skill      XL: |  1  2  3  4  5  6  7  8  9 10 11 12 13 14 |
---------------+-------------------------------------------+-----
Conjurations   | 5 6 7 8 9 10 11 12 13 14 | 14.1
Spellcasting   | 4 5 7 8 10 12 14 15 16 17 | 17.7
Stealth        | 3 4 5 |  5.3
Dodging        | 3 5 6 |  6.1
Slings         | 1 2 4 5 |  5.8
Fighting       | 1 2 3 4 |  4.6
Evocations     | 1 2 3 5 7 |  7.9
Staves         | 3 |  3.0
Translocations | 1 3 |  3.8
Armour         | 2 4 5 6 |  6.7
Poison Magic   | 1 |  1.1
Air Magic      | 1 2 4 |  4.8
Short Blades   | 1 |  1.0
Earth Magic    | 4 5 |  5.7
Ice Magic      | 2 4 |  4.7
Summonings     | 1 |  1.0
Charms         | |  0.6

Action                   |  1- 3 |  4- 6 |  7- 9 | 10-12 | 13-15 || total
-------------------------+-------+-------+-------+-------+-------++-------
Melee: Short sword       |       |     7 |     4 |     7 |       ||    18
       Quarterstaff      |       |       |     3 |   128 |   107 ||   238
       Staff             |       |       |       |       |     1 ||     1
 Fire: Hunting sling     |       |    18 |    68 |    66 |       ||   152
Throw: Stone             |       |       |       |     1 |       ||     1
       Throwing net      |       |       |       |     1 |       ||     1
 Cast: Magic Dart        |    79 |    86 |    43 |    42 |     2 ||   252
       Iskenderun's Myst |       |    21 |   103 |   348 |   308 ||   780
       Apportation       |       |       |       |    14 |       ||    14
       Blink             |       |       |       |    11 |    10 ||    21
       Mephitic Cloud    |       |       |       |     9 |    11 ||    20
       Iskenderun's Batt |       |       |       |     4 |       ||     4
       Iron Shot         |       |       |       |       |    71 ||    71
       Freezing Cloud    |       |       |       |       |    18 ||    18
 Abil: Evoke Invisibilit |       |       |       |     3 |       ||     3
Evoke: Wand              |       |     2 |     6 |    18 |     4 ||    30
       Lightning rod     |       |       |       |     4 |     1 ||     5
       Phial of floods   |       |       |       |       |     1 ||     1
  Use: Potion            |       |     2 |     1 |       |     4 ||     7
       Scroll            |       |       |    12 |    12 |    10 ||    34
 Stab: Sleeping          |       |       |       |     1 |     1 ||     2
       Confused          |       |       |       |     4 |     1 ||     5
       Invisible         |       |       |       |     1 |       ||     1
  Eat: Chunk             |     3 |    12 |    22 |    22 |    24 ||    83
       Ration            |       |       |     1 |     4 |     4 ||     9
Armor: Robe              |     6 |     2 |     3 |    28 |       ||    39
       Ring mail         |       |       |       |    54 |       ||    54
       Scale mail        |       |       |       |       |   143 ||   143
       Skin              |       |       |       |       |    52 ||    52
Dodge: Dodged            |    21 |     7 |    28 |   137 |   114 ||   307

Table legend:
 A = Non-vault XP
 B = Vault XP
 C = Vault XP percentage of total XP
 D = Non-vault monster count
 E = Vault monster count
 F = Vault count percentage of total count
                 A         B        C        D         E       F
            +---------+---------+-------+---------+---------+-------
      Total |   61334 |   31632 |  34.0 |     482 |     174 |  26.5
            +---------+---------+-------+---------+---------+-------
        D:1 |      55 |       0 |   0.0 |      22 |       0 |   0.0
        D:2 |      50 |       0 |   0.0 |      19 |       0 |   0.0
        D:3 |     362 |       5 |   1.4 |      32 |       4 |  11.1
        D:4 |     726 |     364 |  33.4 |      18 |       9 |  33.3
        D:5 |     444 |       0 |   0.0 |      17 |       0 |   0.0
        D:6 |     506 |      53 |   9.5 |      10 |       4 |  28.6
        D:7 |     965 |    1005 |  51.0 |      23 |       3 |  11.5
        D:8 |     325 |    1561 |  82.8 |       8 |      18 |  69.2
        D:9 |    2813 |     487 |  14.8 |      46 |       7 |  13.2
       D:10 |    1725 |       0 |   0.0 |      30 |       0 |   0.0
       D:11 |    5887 |    6140 |  51.1 |      20 |      16 |  44.4
       D:12 |    5560 |    1009 |  15.4 |      32 |      13 |  28.9
       D:13 |    3827 |    2346 |  38.0 |      24 |       3 |  11.1
       D:14 |    3605 |     613 |  14.5 |      11 |       1 |   8.3
     Lair:1 |    3200 |    1788 |  35.8 |      17 |      25 |  59.5
     Lair:2 |    6925 |     411 |   5.6 |      23 |       1 |   4.2
     Lair:3 |    6290 |    2172 |  25.7 |      24 |       1 |   4.0
     Lair:4 |    4808 |       0 |   0.0 |      16 |       0 |   0.0
     Lair:5 |    4322 |    1056 |  19.6 |      18 |       1 |   5.3
     Lair:6 |    3337 |    2727 |  45.0 |      21 |      11 |  34.4
      Orc:1 |    2918 |    1709 |  36.9 |      27 |       4 |  12.9
      Orc:2 |    2684 |    7715 |  74.2 |      24 |      25 |  51.0
    Ossuary |       0 |     471 | 100.0 |       0 |      28 | 100.0
            +---------+---------+-------+---------+---------+-------
